 Dungeon Crawl Stone Soup version 0.31-a0-496-g6f97920a28 (webtiles) character file.

Game seed: 15665996469936450165

138 AstroCodex24 the Trooper (level 5, -2/41 HPs)
             Began as a Vampire Fighter on Aug 8, 2023.
             Killed from afar by a white imp (3 damage)
             ... with a puff of frost
             ... on level 6 of the Dungeon.
             The game lasted 00:02:06 (520 turns).

AstroCodex24 the Trooper (Vampire Fighter)           Turns: 520, Time: 00:02:09

Health: -2/41      AC:  8    Str: 17    XL:     5   Next: 1%
Magic:  5/5        EV:  9    Int: 11    God:
Gold:   60         SH:  4    Dex: 13    Spells: 4/4 levels left

rFire   . . .        a - +0 war axe
rCold   . . .        c - +0 buckler
rNeg    . . .        b - +0 scale mail
rPois   .            (no helmet)
rElec   .            (no cloak)
rCorr   .            h - +0 pair of gloves
SInv    +            (no boots)
Will    .....        (no amulet) Stlth
                     (no ring)
HPRegen 0.46/turn    (no ring)
MPRegen 0.09/turn

%: no passive effects
@: healing quickly
A: alive, fangs 3, see invisible, vampiric 2
a: Exsanguinate


You were on level 6 of the Dungeon.
You visited 1 branch of the dungeon, and saw 6 of its levels.

You collected 60 gold pieces.

Inventory:

Hand Weapons
 a - a +0 war axe (weapon)
Armour
 b - a +0 scale mail (worn)
 c - a +0 buckler (worn)
 h - a +0 pair of gloves (worn)
Scrolls
 f - a scroll of blinking {unknown}
 g - 2 scrolls of teleportation {unknown}
Potions
 d - a potion of might
 e - a potion of mutation {unknown}
 i - a potion of magic {unknown}
 j - a potion of ambrosia {unknown}


   Skills:
 + Level 3.4 Fighting
 + Level 3.0 Axes
 + Level 3.2 Armour
 + Level 0.1 Dodging
 + Level 3.1 Shields


You had 4 spell levels left.
You didn't know any spells.
Your spell library contained the following spells:

 Spells                   Type           Power      Damage    Failure   Level
 Wereblood                Tmut           0%         N/A       92%         2
 Irradiate                Conj/Tmut      0%         3d11      100%        5


Dungeon Overview and Level Annotations

Branches:
Dungeon (6/15)
 Temple: D:4-7

Altars:


Innate Abilities, Weirdness & Mutations

Your natural rate of healing is accelerated.
You have razor-sharp teeth.
You have supernaturally acute eyesight. (SInv)
You are afflicted with vampirism and can become a bat while bloodless.


Message History

The white imp gestures at you. The puff of frost hits you.
* * * LOW HITPOINT WARNING * * *
The orc wizard hits you but does no damage.
You closely miss the orc wizard.
The orc wizard is severely wounded.
The white imp gestures at you. You block the puff of frost.
The orc wizard hits you with a +0 dagger.
* * * LOW HITPOINT WARNING * * *
You hit the orc wizard but do no damage.
The orc wizard is severely wounded.
The orc wizard closely misses you.
The orc wizard hits you but does no damage.
You hit the orc wizard.
You kill the orc wizard!
Your Axes skill increases to level 3!
You have reached level 5!
You feel clever.
You hit the white imp but do no damage. The white imp hits you.
* * * LOW HITPOINT WARNING * * *
The white imp freezes you.
* * * LOW HITPOINT WARNING * * *
You hit the white imp.
The white imp is heavily wounded.
The white imp hits you but does no damage.
The white imp gestures at you. The puff of frost hits you.
* * * LOW HITPOINT WARNING * * *
You closely miss the white imp. Your bite misses the white imp.
The white imp is heavily wounded.
The white imp barely misses you.
You completely miss the white imp.
The white imp is heavily wounded.
The white imp gestures at you. The puff of frost hits you.
* * * LOW HITPOINT WARNING * * *
The white imp gestures at you. The puff of frost hits you.
You die...

...####.........####
.............###
#...........# .
##..........# ..
##...........##
...##.............#
..#<..............#
.......$..........#
......5@.)........#
.........)........#
....................
..................###
...............$.##
................##
.########.......#
#########


You could see a white imp.

Vanquished Creatures
  A black bear (D:5)
  An orc wizard (D:6)
  An adder (D:5)
  2 orcs (D:6)
  2 ball pythons (D:4)
  An endoplasm (D:4)
  A goblin (D:1)
  A hobgoblin (D:1)
  A kobold (D:3)
11 creatures vanquished.

Notes
Turn   | Place    | Note
-------+----------+-------------------------------------------
     0 | D:1      | AstroCodex24 the Vampire Fighter began the quest for the
                  | Orb.
     0 | D:1      | Reached XP level 1. HP: 17/17 MP: 1/1
    82 | D:1      | You fall into a shaft and drop 1 floor!
   322 | D:5      | Entered Level 5 of the Dungeon
   354 | D:5      | Noticed a black bear
   363 | D:5      | Killed a black bear
   364 | D:5      | Reached XP level 2. HP: 18/24 MP: 2/2
   364 | D:5      | Gained mutation: You are afflicted with vampirism and can
                  | become a bat while bloodless. [Vampire growth]
   364 | D:5      | Reached XP level 3. HP: 21/29 MP: 3/3
   364 | D:5      | Reached XP level 4. HP: 26/35 MP: 4/4
   516 | D:6      | Reached XP level 5. HP: 11/41 MP: 5/5
   518 | D:6      | HP: 1/41 [white imp/puff of frost (6)]
   520 | D:6      | Killed from afar by a white imp

Illustrated notes

Levels and vault maps discovered:
D:1:      matt_arrival_refuge, layout_basic, serial_curves, eino_curves_03,
          eino_curves_02, minmay_indecisive_spiral
D:2:      layout_loops_cross, dreamdust_ecumenical_altar_statues
D:3:      layout_basic, serial_shops, shop, gammafunk_ghost_cemetery
D:4:      layout_basic, hex_intersection, uniq_crazy_yiuf_cottage
D:5:      layout_basic, grunt_ministairs_3
D:6:      layout_cave_pods, biasface_ghost_orc_armoury, fountainhead

Skill      XL: |  1  2  3  4 |
---------------+-------------+-----
Fighting       | 3 |  3.4
Axes           | 2 3 |  3.0
Armour         | 3 |  3.2
Shields        | 3 |  3.1
Dodging        | |  0.1

Action                     |  1- 3 |  4- 6 || total
---------------------------+-------+-------++-------
  Melee: War axe           |    18 |    23 ||    41
         Bite              |       |     1 ||     1
 Armour: Scale mail        |     8 |    16 ||    24
  Dodge: Dodged            |     7 |    12 ||    19
  Block: Buckler           |     4 |     7 ||    11

Table legend: (Time is in decaauts)
 A = Elapsed time spent in this place.
 B = Non-inter-level travel time spent in this place.
 C = Inter-level travel time spent in this place.
 D = Time resting spent in this place.
 E = Time spent auto-exploring this place.
 F = Levels seen in this place.
 G = Mean time per level.
                   A        B        C        D        E       F      G
               +--------+--------+--------+--------+--------+-----+--------+
         Total |    535 |    535 |      0 |      0 |      0 |   6 |   89.2 |
       Dungeon |    535 |    535 |      0 |      0 |      0 |   6 |   89.2 |
               +--------+--------+--------+--------+--------+-----+--------+

Top non-repeatable levels by time:
     D:4: 161 daAuts
     D:5: 160 daAuts
     D:1: 84 daAuts
     D:3: 63 daAuts
     D:6: 47 daAuts
     D:2: 17 daAuts
